 Dungeon Crawl Stone Soup version 0.29-a0-221-gceb61267dd (webtiles) character file.

Game seed: 4568544741501556187

6440 Ordine the Cleaver (level 10, -8/68 HPs)
             Began as a Tengu Fighter on Feb 26, 2022.
             Was a Priest of Okawaru.
             Mangled by an eight-headed hydra (13 damage)
             ... on level 9 of the Dungeon.
             The game lasted 00:17:38 (7195 turns).

Ordine the Cleaver (Tengu Fighter)                  Turns: 7195, Time: 00:17:39

Health: -8/68      AC:  9    Str: 20    XL:     10   Next: 99%
Magic:  11/11      EV: 12    Int:  9    God:    Okawaru [***...]
Gold:   475        SH:  5    Dex: 14    Spells: 9/9 levels left

rFire   . . .      SeeInvis .   a - +0 war axe
rCold   . . .      Faith    .   f - +0 buckler {rPois}
rNeg    + . .      Spirit   .   w - +2 robe of Follow the Leader {rN+ Slay+3}
rPois   +          Reflect  .   (helmet restricted)
rElec   .          Harm     .   g - +0 cloak
rCorr   .          Rampage  .   (no gloves)
Will    .....                   (boots unavailable)
Stlth   +.........              y - amulet of regeneration
HPRegen 1.01/turn               n - +4 ring of protection
MPRegen 0.12/turn               (no ring)

@: mighty, flying quickly and evasively, quick
A: beak, talons 3, nimble flight
a: Renounce Religion, Heroism


You were on level 9 of the Dungeon.
You worshipped Okawaru.
Okawaru was most pleased with you.
You visited 2 branches of the dungeon, and saw 10 of its levels.

You collected 475 gold pieces.

Inventory:

Hand Weapons
 a - a +0 war axe (weapon)
Armour
 f - a +0 buckler of poison resistance (worn)
 g - a +0 cloak (worn)
 w - the +2 robe of Follow the Leader (worn) {rN+ Slay+3}
   (You found it on level 4 of the Dungeon)

   Slay:      It affects your accuracy & damage with ranged weapons and melee
   (+3).
   rN:        It protects you from negative energy.
Jewellery
 n - a +4 ring of protection (left hand)
 x - an amulet of guardian spirit
 y - an amulet of regeneration (around neck)
Wands
 d - a wand of charming (7)
 i - a wand of flame (20)
 p - a wand of iceblast (34)
 B - a wand of polymorph (5)
Scrolls
 c - 3 scrolls of teleportation {unknown}
 e - 5 scrolls of identify {unknown}
 j - a scroll of blinking {unknown}
 l - 2 scrolls of enchant armour {unknown}
 m - 2 scrolls of magic mapping {unknown}
 o - a scroll of amnesia {unknown}
 t - a scroll of fog {unknown}
 u - a scroll of enchant weapon {unknown}
Potions
 b - 2 potions of flight {unknown}
 h - 4 potions of curing {unknown}
 k - 3 potions of lignification {unknown}
 q - 2 potions of attraction {unknown}
 r - 3 potions of haste {unknown}
 s - a potion of brilliance {unknown}
 v - a potion of degeneration {unknown}
 z - a potion of heal wounds {unknown}
 A - 2 potions of mutation {unknown}


   Skills:
 + Level 9.8 Fighting
 * Level 14.3 Axes
 - Level 3.2 Armour
 - Level 4.0 Shields


You had 9 spell levels left.
You didn't know any spells.
Your spell library contained the following spells:

 Spells                   Type           Power      Damage    Failure   Level
 Beastly Appendage        Tmut           0%         N/A       45%         1
 Magic Dart               Conj           0%         1d3       45%         1
 Slow                     Hex            0%         N/A       45%         1
 Wereblood                Tmut           0%         N/A       61%         2
 Confusing Touch          Hex            0%         N/A       83%         3
 Mephitic Cloud           Conj/Pois/Air  0%         N/A       83%         3
 Spider Form              Tmut/Pois      0%         N/A       83%         3
 Vampiric Draining        Necr           0%         2d6       83%         3
 Call Imp                 Summ           Unusable   N/A       N/A         2

Dungeon Overview and Level Annotations

Branches:
Dungeon (9/15)             Temple (1/1) D:6
   Lair: D:8-11         Orc: D:9-12

Altars:
Ashenzari
Cheibriados
Dithmenos
Elyvilon
Fedhas
Gozag
Hepliaklqana
Kikubaaqudgha
Makhleb
Nemelex Xobeh
Okawaru
Qazlal
Ru
Sif Muna
Trog
Uskayaw
Vehumet
Wu Jian
Xom
Yredelemnul
Zin
The Shining One

Shops:
D:3 *


Innate Abilities, Weirdness & Mutations

You have a beak for a mouth.
You have claws for feet.
Your magical nature lets you fly swiftly and evasively.


Message History

The wyvern bites you. The wyvern misses you.
You closely miss the wyvern.
The wyvern is almost dead.
The wyvern barely misses you.
An orc warrior comes into view. It is wielding a +0 trident.
The orc warrior shouts!
You hit the wyvern.
You kill the wyvern!
Okawaru accepts your kill.
You slash the wyvern!
The wyvern is severely wounded.
The wyvern barely misses you. The wyvern misses you.
You slash the wyvern!
You kill the wyvern!
Okawaru accepts your kill.
You slice the water moccasin!! You claw the water moccasin!
You kill the water moccasin!
Okawaru accepts your kill.
An orc comes into view. It is wielding a +0 club.
You swing at nothing.
You hit the yak. You claw the yak! You peck the yak.
The yak is heavily wounded.
An orc comes into view. It is wielding a +0 club.
The orc warrior hits you from afar with a +0 trident.
You lop one of the six-headed hydra's heads off!
The five-headed hydra grows two more!
You slash the seven-headed hydra! You peck the seven-headed hydra!
The seven-headed hydra is moderately wounded.
You hack one of the seven-headed hydra's heads off!
The six-headed hydra grows two more!
You slash the eight-headed hydra! You claw the eight-headed hydra!
You peck the eight-headed hydra!
The eight-headed hydra is heavily wounded.
You block the orc warrior's attack. The eight-headed hydra bites you! x2
* * * LOW HITPOINT WARNING * * *
The eight-headed hydra barely misses you.
The eight-headed hydra closely misses you.
The eight-headed hydra bites you!
* * * LOW HITPOINT WARNING * * *
The eight-headed hydra bites you!
You die...

#.<......# #####
###.######.#
######...####.#)##......
#......#...#.........#
#.#.##.<.#.............#
#.#.###.##.#...#.#.#.###
#...)...##.##.##.#.# #
###.##.............#
#.##.###.##@##.##
#.##.###.##D##.#
#........#YYo#...
####.####oYSY.## #.#
#.....o.# #.##........o#
...'?........'.
#.##.P.......###
#..#.........##


You could see an eight-headed hydra, 4 yaks, an orc warrior, a water moccasin
and 3 orcs.

Vanquished Creatures
  2 cyclopes
  A kobold demonologist (D:6)
  Grinder (D:4)
  4 wyverns (D:9)
  11 yaks
  A steam dragon (D:6)
  Duvessa (D:4)
  4 water moccasins
  An orc warrior (D:7)
  3 necrophages
  An ogre (D:4)
  4 centaurs
  An ice beast (D:6)
  A phantom (D:4)
  A kobold brigand (D:9)
  4 bullfrogs
  A scorpion (D:6)
  Dowan (D:4)
  3 killer bees (D:7)
  2 electric eels (D:6)
  2 howler monkeys (D:7)
  A jelly (D:6)
  7 orc priests
  2 hounds
  Natasha (twice) (D:3)
  2 iguanas
  Terence (D:3)
  4 orc wizards
  Robin (D:3)
  7 gnolls (D:2)
  8 adders
  4 shadow imps (D:6)
  An ufetubus (D:6)
  3 worms
  17 orcs
  7 endoplasms
  2 giant cockroaches (D:1)
  8 goblins
  8 hobgoblins
  3 jackals (D:1)
  12 kobolds
  3 quokkas
  9 ball pythons
  9 bats
  4 frilled lizards
  5 rats
  A spectral kobold (D:8)
181 creatures vanquished.

Vanquished Creatures (others)
  A shadow imp (D:6)
  8 fungi
  11 plants
20 creatures vanquished.

Grand Total: 201 creatures vanquished

Notes
Turn   | Place    | Note
-------+----------+-------------------------------------------
     0 | D:1      | Ordine the Tengu Fighter began the quest for the Orb.
     0 | D:1      | Reached XP level 1. HP: 14/14 MP: 2/2
   475 | D:1      | Reached XP level 2. HP: 19/19 MP: 3/3
   999 | D:1      | Reached skill level 3 in Axes
  1162 | D:1      | Reached XP level 3. HP: 23/23 MP: 4/4
  1478 | D:2      | Reached XP level 4. HP: 17/28 MP: 5/5
  1723 | D:2      | Reached skill level 4 in Axes
  1748 | D:2      | Gained mutation: Your magical nature lets you fly swiftly
                  | and evasively. [Tengu growth]
  1748 | D:2      | Reached XP level 5. HP: 33/33 MP: 6/6
  1933 | D:2      | Found a faded altar of an unknown god.
  2308 | D:3      | Noticed Natasha
  2315 | D:3      | Killed Natasha
  2554 | D:3      | Noticed Robin
  2563 | D:3      | Killed Robin
  2624 | D:3      | Noticed Terence
  2642 | D:3      | Killed Terence
  2643 | D:3      | Reached skill level 5 in Axes
  2643 | D:3      | Reached XP level 6. HP: 38/38 MP: 7/7
  2659 | D:3      | Noticed Natasha
  2666 | D:3      | Killed Natasha
  2772 | D:3      | Found Gozag's Platinum Reserve.
  2772 | D:3      | Found an opulent altar of Gozag.
  2941 | D:4      | Noticed Grinder
  2950 | D:4      | Killed Grinder
  2951 | D:4      | Reached skill level 6 in Axes
  2951 | D:4      | Reached XP level 7. HP: 25/44 MP: 8/8
  3104 | D:4      | Reached skill level 5 in Fighting
  3260 | D:4      | Noticed Dowan
  3265 | D:4      | Noticed Duvessa
  3275 | D:4      | Reached skill level 7 in Axes
  3277 | D:4      | Killed Duvessa
  3280 | D:4      | Killed Dowan
  3590 | D:4      | Found an ornate altar of the Wu Jian Council.
  3605 | D:4      | Identified the +2 robe of Follow the Leader {rN+ Slay+3}
  3823 | D:4      | Reached XP level 8. HP: 40/51 MP: 9/9
  3966 | D:5      | Entered Level 5 of the Dungeon
  4010 | D:5      | Reached skill level 8 in Axes
  4068 | D:5      | Noticed a yak
  4068 | D:5      | Noticed a yak
  4069 | D:5      | Noticed a yak
  4070 | D:5      | Noticed a yak
  4070 | D:5      | Noticed a yak
  4097 | D:5      | Killed a yak
  4099 | D:5      | Killed a yak
  4100 | D:5      | Reached skill level 9 in Axes
  4101 | D:5      | Killed a yak
  4105 | D:5      | Killed a yak
  4108 | D:5      | Killed a yak
  4109 | D:5      | Reached skill level 10 in Axes
  4109 | D:5      | Reached XP level 9. HP: 11/56 MP: 10/10
  4443 | D:5      | Found a sacrificial altar of Ru.
  4898 | D:6      | Noticed a kobold demonologist
  4901 | D:6      | Found a transporter.
  4911 | D:6      | Found a transporter.
  5034 | D:6      | Found a basalt altar of Yredelemnul.
  5134 | D:6      | Found a burning altar of Makhleb.
  5308 | D:6      | Noticed a cyclops
  5316 | D:6      | Killed a cyclops
  5317 | D:6      | Reached skill level 11 in Axes
  5576 | D:6      | Found a staircase to the Ecumenical Temple.
  5586 | Temple   | Entered the Ecumenical Temple
  5610 | Temple   | Became a worshipper of Warmaster Okawaru
  5787 | D:6      | Killed a kobold demonologist
  5798 | D:6      | Reached skill level 12 in Axes
  5970 | D:7      | Reached XP level 10. HP: 65/65 MP: 11/11
  5976 | D:7      | Reached * piety under Okawaru
  6011 | D:7      | Noticed a cyclops
  6032 | D:7      | Killed a cyclops
  6271 | D:7      | Reached skill level 13 in Axes
  6280 | D:7      | Reached ** piety under Okawaru
  7039 | D:8      | Found a hazy altar of Hepliaklqana.
  7182 | D:9      | Reached skill level 14 in Axes
  7183 | D:9      | Reached *** piety under Okawaru
  7183 | D:9      | Noticed a six-headed hydra
  7195 | D:9      | Mangled by an eight-headed hydra

Illustrated notes

Levels and vault maps discovered:
D:1:      giann_wishing_wells, layout_loops_cross
D:2:      layout_rooms, dreamdust_ecumenical_altar_grove
D:3:      layout_basic, nicolae_gozag_zags_fifth_avenue, minmay_cupped,
          uniq_terence, uniq_natasha, uniq_robin
D:4:      nicolae_cairo_tiling_very_big, layout_basic,
          mainiacjoe_overflow_brackets, uniq_duvessa, uniq_grinder
D:5:      layout_basic, nicolae_ru_awakened_eye
D:6:      gammafunk_wand_slinger, layout_rooms,
          mainiacjoe_overflow_catch_the_wave, minmay_temple_entry_poolview
D:7:      layout_basic
D:8:      layout_basic, nicolae_hepliaklqana_monster_ancestors,
          serial_bayou_pond_a
D:9:      layout_loops_corners, minmay_lair_entry_grove, minmay_st_funbox
Temple:   eino_temple_scatter_basement

Skill      XL: |  1  2  3  4  5  6  7  8  9 10 |
---------------+-------------------------------+-----
Axes           | 3 4 5 6 7 10 12 14 | 14.3
Fighting       | 4 5 6 8 9 |  9.8
Shields        | 4 |  4.0
Armour         | |  3.2

Action                   |  1- 3 |  4- 6 |  7- 9 | 10-12 || total
-------------------------+-------+-------+-------+-------++-------
Melee: War axe           |    86 |   119 |   145 |   131 ||   481
       Kick              |    17 |    34 |    49 |    44 ||   144
       Peck              |    12 |    22 |    27 |    27 ||    88
  Use: Potion            |       |       |     4 |     1 ||     5
 Stab: Invisible         |       |       |     4 |       ||     4
       Sleeping          |       |       |     1 |       ||     1
Armor: Scale mail        |    47 |    52 |     8 |       ||   107
       Robe              |       |       |    20 |    24 ||    44
Dodge: Dodged            |    45 |    65 |    46 |    49 ||   205
Block: Buckler           |    20 |    31 |    14 |    16 ||    81

Table legend: (Time is in decaauts)
 A = Elapsed time spent in this place.
 B = Non-inter-level travel time spent in this place.
 C = Inter-level travel time spent in this place.
 D = Time resting spent in this place.
 E = Time spent auto-exploring this place.
 F = Levels seen in this place.
 G = Mean time per level.
                   A        B        C        D        E       F      G
               +--------+--------+--------+--------+--------+-----+--------+
         Total |   6894 |   6624 |    270 |     78 |   5402 |  10 |  689.4 |
       Dungeon |   6754 |   6491 |    263 |     78 |   5289 |   9 |  750.4 |
        Temple |    139 |    133 |      6 |      0 |    113 |   1 |  139.0 |
               +--------+--------+--------+--------+--------+-----+--------+

Top non-repeatable levels by time:
     D:1: 1387 daAuts
     D:4: 1055 daAuts
     D:5: 879 daAuts
     D:3: 802 daAuts
     D:6: 751 daAuts
     D:2: 674 daAuts
     D:7: 629 daAuts
     D:8: 476 daAuts
  Temple: 139 daAuts
     D:9: 98 daAuts
